 Dungeon Crawl Stone Soup version 0.31.0-11-ge490571c62 (webtiles) character file.

Game seed: 7197616759654171140

480 Amaterasu the Cudgeller (level 6, -5/59 HPs)
             Began as a Troll Shapeshifter on Jan 28, 2024.
             Slain by an orc warrior
             ... wielding a +0 halberd
              (11 damage)
             ... on level 3 of the Dungeon.
             The game lasted 00:06:54 (2216 turns).

Amaterasu the Cudgeller (Troll Shapeshifter)        Turns: 2216, Time: 00:06:54

Health: -5/59      AC:  8    Str: 23    XL:     6   Next: 86%
Magic:  5/5        EV:  9    Int:  8    God:
Gold:   1100       SH:  0    Dex:  9    Spells: 5/5 levels left

rFire   + . .        e - +1 whip
rCold   . . .        (no shield)
rNeg    . . .        a - +0 animal skin
rPois   .            (helmet currently unavailable)
rElec   .            (cloak currently unavailable)
rCorr   .            (gloves unavailable)
SInv    .            (boots unavailable)
Will    .....        (no amulet)
Stlth   +            k - ring of protection from fire
HPRegen 1.09/turn    p - +4 ring of protection
MPRegen 0.09/turn

%: no passive effects
@: beast-form, hasted, very quick
A: beast (slay +2), large, unfitting armour, claws 3, regeneration 1, shaggy fur
1, tough skin 1
a: Begin Untransformation


You were on level 3 of the Dungeon.
You were a hulking beast.
You visited 1 branch of the dungeon, and saw 3 of its levels.
You also visited: Sewer.

You collected 1724 gold pieces.
You spent 624 gold pieces at shops.

Inventory:

Hand Weapons
 e - a +1 whip (weapon)
 m - a +0 flail
Missiles
 n - 23 poisoned darts (quivered)
Armour
 a - a +0 animal skin (worn)
Jewellery
 j - a ring of wizardry
 k - a ring of protection from fire (left claw)
 p - a +4 ring of protection (right claw)
Talismans
 c - a beast talisman
 d - a flux talisman
Wands
 i - a wand of roots (11)
Scrolls
 r - a scroll of enchant weapon
Potions
 f - 2 potions of mutation {unknown}
 g - a potion of attraction {unknown}
 h - a potion of berserk rage {unknown}
 l - 2 potions of might {unknown}
 o - a potion of curing {unknown}
 q - 2 potions of heal wounds {unknown}


   Skills:
 * Level 2.8 Fighting
 * Level 4.9 Maces & Flails
 - Level 1.5 Dodging
 - Level 3.0 Unarmed Combat
 + Level 4.0 Shapeshifting


You had 5 spell levels left.
You didn't know any spells.
Your spell library contained the following spells:

 Spells                   Type           Power      Damage    Failure   Level
 Mercury Vapours          Alch/Air       0%         N/A       54%         2
 Static Discharge         Conj/Air       0%         3-3/arc   54%         2
 Ozocubu's Armour         Ice            0%         N/A       78%         3
 Chain Lightning          Conj/Air       0%         N/A       100%        9


Dungeon Overview and Level Annotations

Branches:
Dungeon (3/15)              Sewer (visited)

Altars:
Gozag

Shops:
D:2 (??


Innate Abilities, Weirdness & Mutations

You are a hulking beast.
Your limbs bulge with bestial killing power. (Slay +2)
You are too large for most types of armour.
You have claws for hands.
Your natural rate of healing is unusually fast.
You are covered in fur. (AC +1)
You have tough skin. (AC +1)


Message History

The orc warrior is lightly wounded.
The orc warrior hits you with a +0 halberd!
You closely miss the orc warrior.
The orc warrior is lightly wounded.
You hit the orc warrior.
The orc warrior is lightly wounded.
The orc warrior hits you with a +0 halberd.
* * * LOW HITPOINT WARNING * * *
You hit the orc warrior.
The orc warrior is moderately wounded.
The orc warrior hits you with a +0 halberd.
* * * LOW HITPOINT WARNING * * *
You hit the orc warrior.
The orc warrior is heavily wounded.
You hit the orc warrior. You claw the orc warrior.
The orc warrior is heavily wounded.
The orc warrior hits you with a +0 halberd.
* * * LOW HITPOINT WARNING * * *
You hit the orc warrior but do no damage.
The orc warrior is heavily wounded.
You hit the orc warrior but do no damage.
Your claw misses the orc warrior.
The orc warrior is heavily wounded.
The orc warrior misses you.
You closely miss the orc warrior. You claw the orc warrior.
The orc warrior is severely wounded.
The orc warrior hits you with a +0 halberd.
* * * LOW HITPOINT WARNING * * *
You hit the orc warrior.
The orc warrior is almost dead.
You barely miss the orc warrior.
The orc warrior is almost dead.
The orc warrior hits you with a +0 halberd.
* * * LOW HITPOINT WARNING * * *
You hit the orc warrior but do no damage.
The orc warrior is almost dead.
You hit the orc warrior.
The orc warrior is almost dead.
The orc warrior hits you with a +0 halberd!
You die...

....# ##..###.#.#
...# ##..## #.# .
... ###..#####†# #
#.###.......†..#
#......<....####
##..#.......#
#..#.......#
##.#.......#
#h#.......#
#o#.......#
#r#(......#
##########J#######.#
##.......##.#
#........##.#
#.......o†..#
##......r.#######.
#.................


You could see an orc warrior, an endoplasm and a quokka.

Vanquished Creatures
  Grinder (D:3)
  A kobold brigand (Sewer)
  A bombardier beetle (D:3)
  4 gnolls (D:3)
  7 adders
  2 dart slugs
  A ribbon worm (D:3)
  2 orcs (D:3)
  5 ball pythons
  7 bats
  4 endoplasms
  6 giant cockroaches
  4 goblins
  3 hobgoblins
  2 jackals (D:1)
  5 quokkas
  5 frilled lizards (D:2)
  13 kobolds
  8 rats
81 creatures vanquished.

Notes
Turn   | Place    | Note
-------+----------+-------------------------------------------
     0 | D:1      | Amaterasu the Troll Shapeshifter began the quest for the
                  | Orb.
     0 | D:1      | Reached XP level 1. HP: 18/18 MP: 0/0
    72 | D:1      | Found a faded altar of an unknown god.
   262 | D:1      | Reached skill level 1 in Fighting
   344 | D:1      | Reached XP level 2. HP: 27/27 MP: 1/1
   408 | D:1      | Got the Dissertation on Stormy Freezing
   747 | D:1      | Identified a scroll of acquirement
   747 | D:1      | Acquired 805 gold pieces
   811 | D:2      | Found Ythe's Magic Scroll Emporium.
   817 | D:2      | Found Teigh's Magic Scroll Shop.
   827 | D:2      | Bought a scroll of acquirement for 624 gold pieces
   827 | D:2      | Acquired 846 gold pieces
   897 | D:2      | Reached skill level 1 in Maces & Flails
   897 | D:2      | Reached XP level 3. HP: 29/33 MP: 2/2
  1098 | D:2      | Found Iramm's Weapon Emporium.
  1410 | D:3      | Reached XP level 4. HP: 38/41 MP: 3/3
  1529 | D:3      | Noticed Grinder
  1535 | D:3      | Paralysed by Grinder for 4 turns
  1547 | D:3      | Paralysed by Grinder for 3 turns
  1554 | D:3      | Paralysed by Grinder for 5 turns
  1586 | D:3      | Killed Grinder
  1587 | D:3      | Reached XP level 5. HP: 50/50 MP: 4/4
  1587 | D:3      | Reached XP level 6. HP: 59/59 MP: 5/5
  1654 | D:3      | Found a glowing drain.
  1665 | Sewer    | Entered a sewer
  2009 | D:3      | Found an opulent altar of Gozag.
  2171 | D:3      | Noticed an orc warrior
  2216 | D:3      | Slain by an orc warrior

Illustrated notes

Levels and vault maps discovered:
D:1:      dpeg_arrival_oval, layout_basic, shapermc_ecumenical_altar_ellora
D:2:      layout_rooms, serial_shops, shop, shop, shop,
          chequers_serial_rivers_micro_a
D:3:      layout_basic, lemuel_round_altar, ashenzari_altar_1,
          gup_sewer_entry_bubbles, minmay_fractal_squares_5, uniq_grinder,
          uniq_crazy_yiuf_cottage

Skill      XL: |  1  2  3  4  5  6 |
---------------+-------------------+-----
Fighting       | 1 2 |  2.8
Maces & Flails | 1 4 |  4.9
Shapeshifting  | 4 |  4.0
Dodging        | |  1.5
Unarmed Combat | |  3.0

Action                     |  1- 3 |  4- 6 || total
---------------------------+-------+-------++-------
  Melee: Whip              |   146 |   201 ||   347
         Punch             |     3 |     8 ||    11
         Unarmed           |     1 |       ||     1
    Use: Scroll            |     6 |     1 ||     7
         Potion            |       |     3 ||     3
 Armour: Animal skin       |   100 |   133 ||   233
         Skin              |       |    16 ||    16
  Dodge: Dodged            |    65 |    65 ||   130
